 Dungeon Crawl Stone Soup version 0.27-a0-279-gdfb9265905 (webtiles) character file.

Game seed: 478076979746275766

6227 dickylongcocking the Martial Artist (level 10, 0/72 HPs)
             Began as an Octopode Transmuter on Feb 8, 2021.
             Was an Initiate of Gozag.
             Slain by Snorg (7 damage)
             ... on level 10 of the Dungeon.
             The game lasted 00:09:41 (10960 turns).

dickylongcocking the Martial Artist (OpTm)         Turns: 10960, Time: 00:09:41

Health: 0/72       AC:  1    Str: 11    XL:     10   Next: 92%
Magic:  0/13       EV: 18    Int: 18    God:    Gozag
Gold:   954        SH:  0    Dex: 18    Spells: 4/13 levels left

rFire    . . .     SeeInvis .     - Unarmed
rCold    . . .     Faith    .   (no shield)
rNeg     . . .     Spirit   +   (helmet restricted)
rPois    .         Reflect  .   g - amulet of guardian spirit
rElec    .         Harm     .   a - +6 ring of dexterity
rCorr    .         Rampage  .   j - +4 ring of evasion
Will     ++...                  A - ring of willpower
Stlth    +++.......             F - ring of willpower
HPRegen  0.22/turn              (no ring)
MPRegen  0.13/turn              (no ring)
                                (no ring)
                                (no ring)

@: about to teleport
A: almost no armour, stealthy swim, amphibious, 8 rings, constrict 8, camouflage
1, gelatinous body 1
a: Renounce Religion, Potion Petition, Call Merchant, Bribe Branch


You were on level 10 of the Dungeon.
You worshipped Gozag.
Gozag was pleased with you.
You visited 1 branch of the dungeon, and saw 10 of its levels.
You also visited: Sewer.

You collected 1970 gold pieces.
You paid 1016 gold pieces to Gozag.

Inventory:

Jewellery
 a - a +6 ring of dexterity (left tentacle)
 g - an amulet of guardian spirit (around mantle)
 j - a +4 ring of evasion (right tentacle)
 t - an uncursed amulet of the acrobat
 u - an uncursed amulet of inaccuracy
 A - a ring of willpower (on tentacle)
 E - an uncursed ring of resist corrosion
 F - a ring of willpower (on tentacle)
Wands
 o - a wand of flame (32)
 B - a wand of charming (11)
 G - a wand of paralysis (7)
Scrolls
 b - 5 scrolls of remove curse
 d - 2 scrolls of fog {unknown}
 f - 2 scrolls of fear {unknown}
 h - 2 scrolls of immolation {unknown}
 l - 10 scrolls of teleportation
 q - 2 scrolls of random uselessness
 r - 2 scrolls of amnesia {unknown}
 s - 2 scrolls of enchant weapon {unknown}
 x - 2 scrolls of magic mapping {unknown}
 y - 2 scrolls of vulnerability {unknown}
 C - 3 scrolls of enchant armour {unknown}
 D - 3 scrolls of identify
Potions
 c - 4 potions of flight
 e - 2 potions of brilliance
 i - 5 potions of curing
 k - a potion of degeneration
 m - 2 potions of haste
 n - a potion of mutation {unknown}
 v - a potion of attraction {unknown}
 w - a potion of resistance {unknown}
 z - 2 potions of magic {unknown}
 H - a potion of might {unknown}


   Skills:
 * Level 7.7 Fighting
 - Level 2.0 Dodging
 * Level 10.3 Unarmed Combat
 - Level 2.0 Spellcasting
 * Level 8.0 Transmutations
 - Level 7.8 Poison Magic


You had 4 spell levels left.
You knew the following spells:

 Your Spells              Type           Power        Failure   Level
a - Beastly Appendage     Tmut           60%          1%          1
c - Spider Form           Tmut/Pois      15%          1%          3
x - Blade Hands           Tmut           15%          19%         5

Your spell library contained the following spells:

 Spells                   Type           Power        Failure   Level
 Wereblood                Tmut           30%          1%          2
 Apportation              Tloc           2%           19%         1
 Corona                   Hex            1%           19%         1
 Shock                    Conj/Air       4%           19%         1
 Ensorcelled Hibernation  Hex/Ice        2%           26%         2
 Swiftness                Air            1%           26%         2
 Ice Form                 Ice/Tmut       16%          34%         4
 Confusing Touch          Hex            1%           47%         3
 Dazzling Flash           Conj/Hex       2%           47%         3
 Lesser Beckoning         Tloc           0%           47%         3
 Static Discharge         Conj/Air       1%           47%         3
 Tukima's Dance           Hex            1%           47%         3
 Airstrike                Air            0%           87%         4
 Alistair's Intoxication  Tmut/Pois      20%          19%         5
 Lightning Bolt           Conj/Air       0%           99%         5
 Invisibility             Hex            1%           100%        6


Dungeon Overview and Level Annotations

Branches:
Dungeon (10/15)            Temple (0/1) D:6            Lair (0/6) D:9
  Sewer (visited)
    Orc: D:9-12

Altars:
Ashenzari
Cheibriados
Gozag
Wu Jian
Xom
Zin

Shops:
D:8 (

Annotations:
D:4 2 transporters
D:10 3 runed translucent doors, GEC's ghost, journeyman OgEE; Snorg


Innate Abilities, Weirdness & Mutations

You cannot wear most types of armour.
You are very stealthy in the water. (Stealth+)
You are amphibious.
You can wear up to eight rings at the same time.
You can use your tentacles to constrict eight enemies at once.
Your skin changes colour to match your surroundings (Stealth+).
Your rubbery body absorbs attacks. (AC +1, EV +1)


Message History

Snorg is lightly wounded.
Snorg goes berserk!
You bludgeon Snorg!
Snorg is lightly wounded.
Snorg closely misses you. Snorg claws you. Snorg misses you.
The leopard gecko bites you.
Unknown command.
Snorg bites you! Snorg claws you!! Snorg claws you.
There is an open door, spattered with blood here.
Okay, then.
As you read the scroll of teleportation, it crumbles to dust.
You feel strangely unstable. Snorg bites you!
* * * LOW HITPOINT WARNING * * *
Snorg completely misses you. Snorg claws you!
* * * LOW HITPOINT WARNING * * *
Snorg bites you!
* * * LOW HITPOINT WARNING * * *
Snorg claws you!
You die...
Your body crumbles into a pile of gold.

########+##
###.
#....(....#
##
#.........#
######
#.........+
#.....
#)........#
+.....
#.........#
#.....
#...l.....#
#.....
####T######
#..... #@#
#(.... #.##
####+# #..#
#####'####
#####+
#........#
......
#........#
..<...
#.......(#
......
#........#
......
#........#
......


You could see Snorg (berserk) and a leopard gecko.

Vanquished Creatures
  Harold (D:7)
  An orc warrior (D:7)
  A troll (D:9)
  4 water moccasins
  An ice beast (D:9)
  2 sky beasts
  4 black bears
  Purgy (D:3)
  11 ogres
  2 centaurs (D:8)
  A phantom (D:4)
  2 big kobolds
  7 bullfrogs
  3 scorpions
  9 killer bees
  10 wights
  A howler monkey (D:10)
  A bullfrog zombie (D:8)
  2 hounds
  A quasit (D:10)
  5 centaur skeletons
  A jelly (D:8)
  An orc priest (D:6)
  An iguana (D:7)
  6 orc wizards
  5 worker ants
  A hound zombie (D:6)
  Robin (D:4)
  A worker ant zombie (D:5)
  8 gnolls
  A river rat (Sewer)
  5 adders
  A white imp (D:6)
  An ooze (D:1)
  2 worms (D:2)
  A dart slug (D:1)
  5 leopard geckos
  23 orcs
  6 bats
  4 giant cockroaches
  15 goblins
  7 hobgoblins
  9 jackals
  16 kobolds
  2 quokkas
  A ball python (D:5)
  7 frilled lizards
  A jackal skeleton (D:4)
  12 rats
214 creatures vanquished.

Vanquished Creatures (collateral kills)
  An orc priest (D:7)
1 creature vanquished.

Vanquished Creatures (others)
  A two-headed ogre (D:7)
  25 fungi
  51 plants
77 creatures vanquished.

Grand Total: 292 creatures vanquished

Notes
Turn   | Place    | Note
-------+----------+-------------------------------------------
     0 | D:1      | dickylongcocking the Octopode Transmuter began the quest
                  | for the Orb.
     0 | D:1      | Reached XP level 1. HP: 13/13 MP: 3/3
   108 | D:1      | Reached XP level 2. HP: 14/18 MP: 5/5
   603 | D:1      | Reached skill level 4 in Unarmed Combat
   669 | D:1      | Reached XP level 3. HP: 17/23 MP: 6/6
  1191 | D:2      | Found a glowing silver altar of Zin.
  1191 | D:2      | Found an ornate altar of the Wu Jian Council.
  1192 | D:2      | Found an opulent altar of Gozag.
  1201 | D:2      | Became a worshipper of Gozag Ym Sagoz the Greedy
  1265 | D:2      | Reached XP level 4. HP: 19/28 MP: 4/7
  1292 | D:2      | Reached skill level 5 in Unarmed Combat
  2094 | D:3      | Noticed a sky beast
  2106 | D:3      | Killed a sky beast
  2107 | D:3      | Reached skill level 6 in Unarmed Combat
  2107 | D:3      | Reached XP level 5. HP: 20/33 MP: 3/8
  2587 | D:3      | Noticed Purgy
  2598 | D:3      | Killed Purgy
  2599 | D:3      | Reached XP level 6. HP: 21/38 MP: 4/9
  2939 | D:4      | Noticed Robin
  2965 | D:4      | Killed Robin
  2968 | D:4      | Reached skill level 7 in Unarmed Combat
  3362 | D:4      | Reached XP level 7. HP: 45/45 MP: 8/10
  3395 | D:4      | Found a glowing drain.
  3410 | Sewer    | Entered a sewer
  3607 | Sewer    | Found a white marble altar of Elyvilon.
  3682 | D:4      | Learned a level 3 spell: Spider Form
  3802 | D:4      | Found a transporter.
  3942 | D:4      | Found a transporter.
  4343 | D:4      | Reached skill level 1 in Poison Magic
  4403 | D:5      | Entered Level 5 of the Dungeon
  4437 | D:5      | Reached XP level 8. HP: 52/52 MP: 7/11
  4798 | D:5      | Found a snail-covered altar of Cheibriados.
  5009 | D:5      | Reached skill level 8 in Unarmed Combat
  5647 | D:6      | Reached skill level 5 in Transmutations
  5722 | D:6      | Reached XP level 9. HP: 43/59 MP: 9/12
  6140 | D:6      | Reached skill level 5 in Fighting
  6274 | D:6      | Found a shimmering altar of Xom.
  6277 | D:6      | Found a radiant altar of Vehumet.
  6277 | D:6      | Found a broken altar of Ashenzari.
  6279 | D:6      | Found an opulent altar of Gozag.
  6279 | D:6      | Found a sacrificial altar of Ru.
  6279 | D:6      | Found a shimmering altar of Xom.
  6576 | D:6      | Found a staircase to the Ecumenical Temple.
  6758 | D:7      | Reached skill level 5 in Poison Magic
  7139 | D:7      | Noticed Harold
  7157 | D:7      | Killed Harold
  7158 | D:7      | Reached skill level 9 in Unarmed Combat
  7452 | D:7      | Found a broken altar of Ashenzari.
  7910 | D:8      | Reached XP level 10. HP: 67/68 MP: 13/13
  7910 | D:8      | Noticed a two-headed ogre
  9060 | D:8      | Identified the +5 ring mail of Har Virph {rPois rF+ Dex+4}
  9195 | D:8      | Found Eschuzav's Weapon Shoppe.
  9487 | D:9      | Reached skill level 10 in Unarmed Combat
  9546 | D:9      | Learned a level 5 spell: Blade Hands
  9589 | D:9      | Found a staircase to the Lair.
 10365 | D:10     | Entered Level 10 of the Dungeon
 10856 | D:10     | Noticed a kobold demonologist
 10858 | D:10     | Noticed GEC's ghost (journeyman OgEE)
 10859 | D:10     | Found a runed translucent gate.
 10859 | D:10     | Found a runed translucent gate.
 10859 | D:10     | Found a runed translucent gate.
 10859 | D:10     | Noticed a kobold demonologist
 10859 | D:10     | Noticed a kobold demonologist
 10953 | D:10     | Noticed Snorg
 10960 | D:10     | Slain by Snorg

Illustrated notes

Levels and vault maps discovered:
D:1:      lightli_iron_boxes, layout_basic
D:2:      layout_rooms, gammafunk_temple_overflow_claw, serial_bayou,
          serial_bayou_pond_d, serial_bayou_ford_a, serial_bayou_pond_e,
          serial_bayou_lagoon_a
D:3:      layout_loops_ring, uniq_purgy
D:4:      gammafunk_steamed_eel, layout_cave_pools, portal_sewer_entry_d,
          uniq_robin
D:5:      layout_basic, basic_altar
D:6:      layout_basic, minmay_temple_entry_waves, doesnt_xom_only_xom
D:7:      layout_rooms, lemuel_doored_altar, minmay_misc_feat_four_crosses,
          uniq_harold
D:8:      layout_rooms, serial_shops, kennysheep_mini_moat
D:9:      layout_rooms, due_lair_maze_entry_diamond,
          chequers_serial_rivers_room_b
D:10:     layout_roguey, gammafunk_ghost_nasty_kobolds, uniq_snorg

Skill      XL: |  1  2  3  4  5  6  7  8  9 10 |
---------------+-------------------------------+-----
Unarmed Combat | 4 6 7 8 9 10 | 10.3
Fighting       | 2 3 4 6 7 |  7.7
Transmutations | 3 5 6 8 |  8.0
Poison Magic   | 1 4 6 7 |  7.8
Dodging        | |  2.0
Spellcasting   | |  2.0

Action                   |  1- 3 |  4- 6 |  7- 9 | 10-12 || total
-------------------------+-------+-------+-------+-------++-------
Melee: Unarmed           |    69 |   106 |   264 |   189 ||   628
       Constrict         |    22 |    23 |    34 |    19 ||    98
       Tentacles         |    15 |    22 |    33 |    10 ||    80
       Punch             |     3 |     6 |     6 |     9 ||    24
       Kick              |     5 |     9 |     4 |       ||    18
 Cast: Beastly Appendage |     2 |     6 |     4 |       ||    12
       Spider Form       |       |       |    17 |    14 ||    31
       Blade Hands       |       |       |       |     1 ||     1
Invok: Potion Petition   |       |       |     1 |     1 ||     2
Evoke: Wand              |       |     1 |       |    12 ||    13
  Use: Potion            |       |     2 |       |    11 ||    13
       Scroll            |       |       |     8 |     2 ||    10
 Stab: Sleeping          |     2 |     6 |     7 |     1 ||    16
       Distracted        |       |       |     1 |       ||     1
       Paralysed         |       |       |       |     3 ||     3
Armor: Skin              |     7 |     6 |    12 |     7 ||    32
Dodge: Dodged            |    52 |    68 |   184 |   247 ||   551

Table legend: (Time is in decaauts)
 A = Elapsed time spent in this place.
 B = Non-inter-level travel time spent in this place.
 C = Inter-level travel time spent in this place.
 D = Time resting spent in this place.
 E = Time spent auto-exploring this place.
 F = Levels seen in this place.
 G = Mean time per level.
                   A        B        C        D        E       F      G
               +--------+--------+--------+--------+--------+-----+--------+
         Total |  10886 |  10704 |    182 |   1829 |   7176 |  11 |  989.6 |
       Dungeon |  10656 |  10474 |    182 |   1829 |   7018 |  10 | 1065.6 |
         Sewer |    230 |    230 |      0 |      0 |    158 |   1 |  230.0 |
               +--------+--------+--------+--------+--------+-----+--------+

Top non-repeatable levels by time:
     D:7: 1547 daAuts
     D:6: 1483 daAuts
     D:3: 1304 daAuts
     D:1: 1166 daAuts
     D:9: 1122 daAuts
     D:4: 997 daAuts
     D:5: 973 daAuts
     D:8: 777 daAuts
     D:2: 695 daAuts
    D:10: 588 daAuts
   Sewer: 230 daAuts
